Map: Catalyst LE

Players

Socks

  • Race: Terran Terran
  • League: Diamond
  • Spawn Location: 5:00

Dice - Winner!

  • Race: Zerg Zerg
  • League: Diamond
  • Spawn Location: 11:00

VOD

Have the link to the VOD?

Description

Time

  • Played on: April 12, 2018, 7:19 a.m.
  • Length: 41:36
Show
View Real Time Build Order
Export as new Build Order

Socks Terran 

Build Orders: Reaper Expand, Hellion Banshee, MMM Bio 

Get SALT Encoding   

  12  0:01  SCV  
  13  0:13  SCV  
  14  0:17  Supply Depot  
  14  0:25  SCV  
  14  0:28  Refinery  
  15  0:39  SCV  
  16  0:51  SCV  
  16  0:55  Barracks  
  17  1:03  SCV  
  18  1:15  SCV  
  19  1:45  Reaper  
  19  1:46  Orbital Command  
  20  1:49  Command Center  
  20  2:02  Factory  
  20  2:12  Supply Depot  
  20  2:15  SCV  
  21  2:17  Barracks Reactor  
  21  2:45  SCV  
  21  2:50  Refinery  
  22  2:58  SCV  
  23  3:01  Hellion x2  
  23  3:02  Starport, Barracks Tech Lab  
  23  3:04  Orbital Command  
  27  3:10  SCV  
  28  3:23  Hellion x2  
  32  3:31  Orbital Command  
  30  3:51  Banshee, Cloaking Field  
  30  3:53  SCV, Hellion x2  
  38  3:56  SCV  
  39  4:05  SCV  
  39  4:08  SCV  
  41  4:23  SCV  
  42  4:26  SCV  
  43  4:37  Supply Depot x2, SCV, Command Center  
  44  4:39  Barracks Tech Lab  
  44  4:40  SCV  
  45  4:53  SCV  
  45  4:58  SCV  
  47  5:00  Stimpack  
  48  5:07  Barracks  
  48  5:08  Factory Tech Lab  
  48  5:09  Engineering Bay  
  48  5:10  Engineering Bay  
  47  5:21  Barracks  
  43  5:56  Marine x2  
  43  5:57  SCV, Marine  
  41  5:58  Orbital Command, SCV  
  42  6:09  SCV  
  42  6:10  Armory  
  42  6:11  Barracks Reactor  
  43  6:12  SCV  
  43  6:13  Terran Infantry Weapons Level 1  
  43  6:14  Barracks x2  
  43  6:17  Refinery  
  43  6:18  Starport Reactor, Missile Turret  
  44  6:21  Refinery, SCV  
  44  6:24  SCV  
  44  6:28  SCV  
  44  6:30  Missile Turret, Marine  
  46  6:33  Terran Infantry Armor Level 1  
  46  6:42  SCV x2  
  46  6:43  SCV  
  49  6:51  Marine  
  50  6:54  SCV x2  
  50  6:55  Medivac  
  50  6:56  Medivac  
  50  7:00  Missile Turret  
  57  7:02  Missile Turret  
  57  7:04  Marine x2  
  57  7:06  SCV  
  57  7:08  Thor, Marine  
  65  7:15  Marine x2  
  67  7:16  Supply Depot  
  67  7:20  Supply Depot  
  66  7:23  Missile Turret  
  66  7:29  Marine x2  
  65  7:30  Marine x2  
  65  7:32  Marine  
  67  7:38  Marine x2  
  67  7:40  Supply Depot, Terran Vehicle Weapons Level 1  
  67  7:41  Combat Shield  
  67  7:49  Marine x3  
  70  7:52  Marine x2  
  70  7:53  Orbital Command  
  70  7:55  SCV  
  70  7:56  Supply Depot, Marine  
  70  7:57  Marine  
  75  8:06  Marine  
  75  8:11  Marine x4  
  80  8:17  Marine x2  
  80  8:18  SCV x3  
  85  8:30  Missile Turret, SCV, Marine x5  
  85  8:33  Medivac x2  
  97  8:35  Marine  
  97  8:36  Missile Turret  
  97  8:37  Terran Infantry Weapons Level 2, Factory  
  97  8:38  Terran Infantry Armor Level 2  
  96  8:44  Marine  
  96  8:47  Refinery  
  96  8:48  SCV  
  98  8:49  Marauder, Barracks Tech Lab  
  98  8:50  Refinery  
  100  9:00  Marine x2  
  100  9:01  Marine  
  100  9:02  Bunker  
  103  9:03  Marine  
  103  9:05  SCV  
  103  9:07  SCV  
  103  9:08  SCV  
  107  9:10  Marauder  
  107  9:11  Supply Depot  
  107  9:15  Barracks Reactor  
  109  9:24  Supply Depot  
  109  9:32  Medivac  
  109  9:33  Marauder, Supply Depot, SCV x3  
  109  9:35  Supply Depot  
  116  9:44  Supply Depot, Marine  
  116  9:45  SCV x3, Marine  
  121  9:46  Marine  
  121  9:47  Marauder  
  124  9:53  Barracks  
  124  9:55  Barracks  
  124  9:57  SCV  
  125  10:07  SCV  
  125  10:08  SCV  
  125  10:09  SCV  
  125  10:11  Supply Depot  
  125  10:12  Marine  
  125  10:14  Supply Depot  
  129  10:17  Starport, Missile Turret  
  129  10:18  Ghost Academy  
  129  10:20  SCV x2  
  131  10:21  SCV  
  132  10:28  Marine  
  132  10:29  Marauder  
  132  10:30  Marine  
  132  10:32  Marauder  
  132  10:33  Supply Depot  
  138  10:36  SCV  
  138  10:37  SCV  
  138  10:38  Missile Turret, Marine  
  141  10:44  Missile Turret  
  141  10:50  Marauder  
  141  10:53  Marauder  
  145  11:01  Command Center  
  145  11:08  Supply Depot  
  145  11:09  Marine x2  
  145  11:10  Barracks Tech Lab x2  
  147  11:11  Personal Cloaking  
  147  11:12  Marauder  
  147  11:14  Marauder  
  147  11:15  Marine  
  147  11:17  SCV  
  153  11:20  SCV  
  153  11:21  Supply Depot  
  154  11:38  Marine  
  161  11:40  Ghost x3  
  161  11:47  Command Center  
  140  12:00  Marauder, Marine x2  
  143  12:02  SCV x3  
  146  12:09  Marauder  
  146  12:11  Terran Infantry Armor Level 3, Terran Infantry Weapons Level 3  
  146  12:16  Marine x2  
  140  12:23  Widow Mine x2  
  140  12:24  Drilling Claws  
  140  12:26  Terran Vehicle Weapons Level 2  
  140  12:27  SCV  
  143  12:38  SCV  
  143  12:39  SCV x2  
  143  12:40  Planetary Fortress  
  146  12:49  Missile Turret  
  146  12:50  Marine  
  146  12:51  Marauder, SCV x2  
  151  12:53  Missile Turret  
  151  12:55  Refinery  
  151  12:56  Marauder, Refinery, Marine  
  154  12:58  Medivac x2  
  154  13:00  Missile Turret, Planetary Fortress  
  158  13:15  Starport Tech Lab  
  158  13:17  Widow Mine  
  158  13:18  Widow Mine  
  162  13:20  Missile Turret  
  162  13:21  Missile Turret  
  162  13:23  Marine  
  162  13:24  Marauder x2, Marine  
  162  13:25  Ghost x2  
  162  13:26  SCV  
  173  13:39  Widow Mine  
  173  13:40  Refinery  
  173  13:41  Missile Turret  
  175  13:42  Refinery  
  175  13:45  Command Center, Ghost  
  168  13:51  Marauder, Marine x5  
  168  13:54  Marauder x2  
  122  14:00  Marine  
  122  14:02  Missile Turret  
  119  14:08  Marine  
  119  14:13  Marauder  
  119  14:14  Marauder, Marine x2  
  119  14:15  Marauder x2  
  119  14:16  Thor  
  119  14:23  Marine x3  
  106  14:26  Marine  
  106  14:30  Thor  
  103  14:32  Marine x2  
  103  14:34  Marauder  
  103  14:35  Marine, Medivac x2  
  103  14:36  Ghost x2  
  116  14:39  SCV  
  116  14:40  SCV x2  
  116  14:45  SCV x2  
  121  14:47  Medivac  
  121  14:52  Ghost  
  123  14:54  Supply Depot  
  123  14:58  SCV  
  123  14:59  Thor  
  132  15:00  SCV x3  
  132  15:01  SCV  
  132  15:05  Medivac  
  132  15:06  Medivac  
  140  15:09  Terran Vehicle Weapons Level 3  
  140  15:10  SCV  
  140  15:13  Widow Mine  
  143  15:16  Nuke, Ghost  
  143  15:17  Medivac, Ghost x2  
  151  15:24  Missile Turret  
  151  15:29  Marine x2  
  151  15:30  Marauder, Marine  
  151  15:31  Marine x3  
  151  15:35  Widow Mine  
  161  15:37  Command Center  
  161  15:39  Command Center  
  161  15:45  Supply Depot  
  161  15:46  Marauder x2, Marine  
  161  15:47  SCV x2  
  116  16:33  Ghost  
  116  16:34  Ghost x3  
  104  16:40  Marine x5  
  104  16:41  Marine  
  104  16:42  Liberator x2  
  104  16:43  Liberator  
  104  16:45  Hellion x2  
  110  16:54  Orbital Command  
  110  16:56  Supply Depot  
  110  16:58  Marine x3  
  122  17:02  Ghost x4  
  122  17:06  Marine  
  129  17:13  Hellion x2  
  129  17:15  Infernal Pre-Igniter  
  133  17:22  Planetary Fortress  
  133  17:25  Liberator  
  133  17:28  Supply Depot  
  133  17:31  Marauder x2  
  137  17:39  Refinery  
  137  17:43  Refinery  
  140  17:50  Liberator x2  
  140  18:04  Missile Turret  
  140  18:05  Missile Turret, Ghost  
  140  18:06  Marauder, Ghost x2  
  149  18:27  Ghost  
  148  18:34  Ghost x2  
  134  18:52  Marine x2  
  134  18:53  Marine  
  131  19:00  Ghost x2  
  123  19:02  Ghost  
  123  19:03  Ghost  
  115  19:15  Marine x3  
  118  19:19  Command Center  
  116  19:28  Marine  
  116  19:29  Marauder x2  
  116  19:30  Orbital Command  
  121  19:32  Marauder  
  121  19:47  Ghost  
  121  19:50  Ghost x2  
  124  20:08  SCV  
  124  20:09  Refinery  
  120  21:05  Marine x4  
  120  21:06  Marauder x3, SCV x3  
  111  21:35  Marine x3  
  111  21:36  Marauder x3, Marine x2  
  111  21:37  Hellion x2  
  123  21:54  Marine  
  123  21:55  Marauder, Marine x4  
  123  21:56  Viking x2  
  123  21:57  Marauder  
  123  21:58  Hellion x2  
  137  22:02  Marine x3  
  137  22:12  Marine x2  
  129  22:17  Marauder  
  129  22:19  Marauder  
  110  22:23  Marine x2  
  110  22:29  Marauder, Marine  
  111  22:34  Nuke, Ghost  
  111  22:35  Marine x3  
  116  22:37  Ghost  
  116  22:38  Refinery  
  116  22:40  Marauder  
  116  22:41  Marine  
  121  22:51  Marauder  
  123  23:02  Marauder  
  123  23:03  Marauder  
  123  23:06  Marauder  
  123  23:12  Marauder  
  114  23:16  Medivac x2  
  118  23:22  Ghost  
  118  23:24  Ghost  
  114  23:27  Ghost  
  114  23:33  Ghost  
  107  23:36  Marine x2  
  107  23:40  Marine  
  107  23:41  Marine x2  
  86  23:45  Marine  
  86  23:47  Medivac x2  
  77  23:51  Ghost  
  77  23:52  Ghost  
  77  23:54  Marine  
  80  23:56  Ghost  
  80  24:02  Marauder  
  75  24:03  Marine x2  
  75  24:07  Marine x2  
  65  24:10  Marine  
  65  24:12  Marine  
  58  24:19  Liberator x2  
  58  24:20  Marauder  
  58  24:21  Marine x2  
  58  24:23  Liberator, Ghost  
  54  24:33  Marine  
  64  24:41  Marine, Ghost  
  64  24:42  Widow Mine x2  
  67  24:47  Marine  
  67  24:52  Marauder  
  64  24:53  Barracks  
  64  24:54  Barracks  
  64  24:55  Barracks  
  64  24:57  Barracks  
  58  25:00  Marine  
  58  25:03  Widow Mine  
  58  25:04  Orbital Command, Marine  
  58  25:06  Liberator  
  54  25:10  Marauder  
  54  25:12  Ghost Academy  
  51  25:31  Marauder  
  43  25:50  Barracks Tech Lab x3  
  43  25:53  Marauder, Marine  
  39  26:05  Marine x2  
  39  26:06  Medivac  
  43  26:14  Barracks Tech Lab  
  43  26:31  SCV  
  41  26:40  Marine x4, Hellion  
  41  26:41  Marauder  
  47  26:53  Missile Turret  
  47  26:56  Orbital Command  
  49  27:13  Marine x2  
  49  27:14  Marine x4  
  55  27:17  Factory Reactor  
  55  27:18  Factory  
  53  27:31  Nuke, Marine  
  53  27:32  Marauder x2  
  53  27:33  Ghost x2  
  62  27:38  Command Center  
  62  27:44  Barracks Tech Lab  
  62  27:47  Medivac x2  
  62  27:49  Marine  
  67  27:53  Marauder  
  69  28:00  Marine  
  69  28:02  Ghost x3  
  76  28:23  Ghost  
  76  28:24  Ghost  
  80  28:51  Hellion  
  80  28:52  Hellion x2  
  83  29:13  Hellion  
  85  29:18  Marine x2, Ghost x2  
  85  29:19  Marauder x2  
  95  29:26  Supply Depot x2, Planetary Fortress  
  95  29:27  Supply Depot x2  
  95  29:29  Missile Turret  
  95  29:36  Marine  
  95  29:37  Marauder  
  94  29:46  Marine x2  
  94  29:47  Marauder x2  
  90  30:04  Missile Turret  
  90  30:05  Marine  
  90  30:06  Marauder x2, Marine  
  92  30:08  Marauder, Marine  
  95  30:18  SCV  
  95  30:19  SCV  
  97  30:44  Fusion Core  
  97  30:46  Armory  
  97  30:47  Factory Tech Lab  
  97  30:48  Hellion x2  
  101  31:08  Marine  
  101  31:09  Marine  
  96  31:38  Marauder x2, Marine x2  
  86  32:00  Ghost x4  
  74  32:31  Factory  
  74  32:35  Factory  
  60  33:03  Ghost x2  
  66  33:11  SCV x2  
  65  33:27  Barracks  
  65  33:29  Barracks  
  65  33:30  Barracks  
  65  33:31  Widow Mine x2, Barracks  
  69  33:34  Barracks  
  56  33:52  Widow Mine  
  51  33:59  Widow Mine  
  53  34:09  Refinery  
  53  34:12  Command Center  
  53  34:23  Hellion  
  55  34:26  Hellion  
  55  34:28  SCV  
  54  34:44  Hellion  
  46  34:47  Hellion  
  48  35:06  Barracks Tech Lab, Hellion  
  50  35:07  Barracks Tech Lab x4  
  50  35:08  Hellion  
  52  35:27  Hellion  
  53  35:30  Hellion  
  51  35:36  Ghost x4  
  59  35:49  Hellion  
  61  35:51  Hellion  
  57  36:39  Hellion  
  61  36:40  SCV x2, Hellion  
  63  36:53  Marine x5  
  59  37:24  Armory  
  59  37:27  Supply Depot  
  59  37:38  Supply Depot  
  58  38:03  Supply Depot  
  58  38:07  Marine x2  
  54  38:13  Marine x2  
  46  38:49  Factory Reactor  
  46  39:00  Orbital Command  
  32  39:41  SCV  
  33  39:57  Orbital Command  
  33  39:58  Command Center  
  4  40:22  Widow Mine x2  
  4  40:24  Marauder x2  
  10  40:49  Ghost  
  10  40:50  Ghost x2  
Show
View Real Time Build Order
Export as new Build Order

Dice Zerg - Winner!

Build Orders: Pool First, Muta Ling Bane 

Get SALT Encoding   

  12  0:00  Drone  
  13  0:12  Overlord  
  13  0:19  Drone  
  14  0:31  Drone x2  
  14  0:34  Drone  
  17  0:47  Spawning Pool  
  17  0:49  Drone  
  17  1:12  Hatchery  
  17  1:17  Drone  
  17  1:23  Drone  
  18  1:33  Queen  
  18  1:36  Extractor, Zergling x2  
  18  1:38  Zergling x2  
  21  1:43  Overlord  
  21  1:55  Drone  
  22  2:06  Drone  
  23  2:15  Drone  
  23  2:41  Queen  
  23  2:43  Metabolic Boost  
  24  2:45  Zergling x4  
  24  2:46  Zergling x2  
  24  2:47  Drone x5  
  32  3:09  Drone  
  32  3:10  Drone x2  
  32  3:11  Overlord  
  32  3:12  Overlord  
  35  3:39  Hatchery  
  34  3:49  Drone x5  
  34  3:50  Drone x4  
  43  3:56  Lair  
  43  4:01  Evolution Chamber x2  
  41  4:04  Queen  
  41  4:08  Extractor  
  41  4:09  Extractor  
  41  4:11  Extractor, Drone x4  
  44  4:20  Zergling x6  
  44  4:21  Spine Crawler  
  45  4:27  Spine Crawler  
  45  4:28  Zergling x2  
  45  4:29  Zergling x2  
  41  4:55  Queen  
  41  4:58  Zergling x14  
  50  5:03  Drone x4  
  54  5:09  Spire  
  53  5:24  Spore Crawler  
  51  5:29  Spore Crawler  
  40  6:00  Zergling x2  
  40  6:01  Zergling x4  
  40  6:02  Zergling x4, Queen  
  40  6:03  Queen  
  47  6:07  Spore Crawler  
  43  6:20  Mutalisk x7  
  56  6:34  Drone  
  56  6:35  Overlord x4  
  56  6:36  Overseer  
  57  7:15  Drone x4  
  59  7:16  Drone x6  
  59  7:17  Drone x3  
  68  7:38  Mutalisk  
  68  7:39  Mutalisk x5  
  78  7:51  Queen  
  80  8:00  Baneling Nest  
  80  8:02  Drone x8  
  87  8:15  Overlord x3  
  87  8:19  Zerg Melee Weapons Level 1  
  87  8:20  Zerg Ground Armor Level 1  
  87  8:22  Zerg Flyer Weapons Level 1  
  87  8:58  Zergling x6  
  87  8:59  Zergling x22  
  87  9:00  Centrifical Hooks  
  101  9:03  Baneling x6  
  101  9:04  Baneling x3  
  101  9:12  Drone x4  
  101  9:14  Overlord x2  
  105  9:17  Hatchery  
  104  9:33  Infestation Pit  
  103  9:39  Extractor  
  103  9:40  Extractor  
  103  9:43  Mutalisk  
  103  9:44  Mutalisk x4  
  103  9:45  Zergling x12  
  115  10:07  Zergling x2  
  115  10:08  Zergling x10  
  115  10:09  Overlord x2  
  115  10:10  Overlord x3  
  115  10:12  Overseer  
  121  10:29  Zergling x16  
  121  10:34  Queen  
  131  10:40  Zergling x10  
  136  10:49  Spore Crawler  
  135  10:53  Zergling x8  
  139  10:59  Zerg Melee Weapons Level 2  
  139  11:00  Zerg Ground Armor Level 2  
  139  11:01  Hive  
  139  11:05  Drone x2  
  139  11:06  Drone x5  
  139  11:09  Baneling  
  139  11:10  Baneling x15  
  146  11:12  Baneling  
  136  11:56  Mutalisk  
  136  11:57  Mutalisk x5  
  141  12:24  Zergling x2  
  141  12:25  Zergling x38  
  161  12:31  Ultralisk Cavern  
  160  12:51  Baneling x15  
  160  12:53  Zergling x2  
  160  12:54  Overlord x6  
  161  13:08  Spine Crawler x2  
  161  13:09  Spine Crawler  
  161  13:11  Spore Crawler, Hatchery  
  156  13:14  Hatchery  
  155  13:22  Chitinous Plating  
  155  13:28  Zerg Melee Weapons Level 3  
  155  13:37  Drone x3  
  155  13:38  Drone x7  
  155  13:39  Drone x3  
  93  14:34  Ultralisk  
  93  14:35  Ultralisk x4  
  93  14:36  Zergling x2  
  93  14:37  Zergling x12  
  131  14:45  Drone x2  
  131  14:46  Drone x5  
  137  14:59  Queen  
  139  15:10  Ultralisk  
  139  15:11  Ultralisk  
  151  15:46  Ultralisk  
  151  15:47  Ultralisk x2  
  151  15:48  Zergling x8  
  151  15:49  Zergling x30  
  186  16:03  Zergling x2  
  190  16:04  Zergling x20  
  159  16:47  Ultralisk  
  159  16:48  Ultralisk x4  
  159  16:49  Zergling x2  
  159  16:50  Zergling x16  
  198  17:40  Zerg Ground Armor Level 3  
  198  17:49  Baneling  
  198  17:50  Baneling x15  
  198  17:51  Extractor x2, Queen  
  198  17:54  Extractor x2  
  178  18:37  Overseer x2  
  112  19:03  Ultralisk x3  
  112  19:04  Zergling x2, Ultralisk x3  
  112  19:05  Zergling x42  
  112  19:06  Zergling x14  
  161  19:41  Spore Crawler  
  161  19:42  Spore Crawler  
  159  19:59  Spire  
  122  21:20  Corruptor  
  122  21:21  Corruptor x9  
  123  21:35  Zergling x2  
  123  21:36  Zergling x20  
  119  22:34  Ultralisk x3  
  119  22:35  Zergling x14  
  119  22:36  Zergling x14  
  89  24:27  Hatchery  
  82  24:31  Spire  
  75  25:10  Zergling x2  
  75  25:11  Zergling x22  
  69  26:35  Hatchery  
  62  26:44  Hatchery  
  58  27:12  Ultralisk x3  
  76  27:54  Baneling  
  76  27:55  Baneling x8  
  76  28:10  Ultralisk x2  
  88  28:27  Zergling x2  
  88  28:28  Zergling x28  
  88  28:29  Zergling x2  
  78  29:25  Drone  
  78  29:26  Drone x14  
  74  30:29  Drone x5  
  74  30:30  Drone x9  
  77  31:44  Zergling x8  
  77  31:45  Zergling x28  
  86  32:56  Ultralisk x5  
  99  33:22  Overseer  
  84  33:56  Drone  
  84  33:57  Drone x10  
  84  33:58  Drone x4  
  91  35:08  Spawning Pool  
  73  36:04  Drone  
  73  36:05  Drone x10  
  73  36:06  Drone  
  85  36:22  Zergling x20  
  85  36:23  Zergling x20  
  105  36:33  Queen  
  102  37:10  Spire  
  101  37:17  Zergling x2, Ultralisk x3  
  101  37:18  Zergling x16  
  122  37:37  Zergling x4  
  122  37:38  Zergling x10  
  125  38:21  Zergling x28  
  125  38:22  Zergling x4  
  140  38:28  Mutalisk  
  102  39:08  Overseer x2  
  88  39:22  Drone x7  
  88  39:23  Drone x3  
  98  39:37  Zergling x2  
  99  39:39  Zergling x2  
  99  39:40  Zergling x2  
  99  39:41  Zergling x2  
  99  39:42  Zergling x2  
  99  39:43  Zergling x2  
  99  39:44  Zergling x2  
  74  40:26  Mutalisk, Zergling x18  
  74  40:27  Mutalisk x6  
  97  40:41  Spore Crawler x2  
  89  41:05  Zergling x8  
  89  41:06  Zergling x18  
Tags
 
Add a new tag
Caveats
  • Supply blocks, unpowered buildings, or Contaminate may cause inaccurate times.
  • Supply counts are checked every 10 seconds.